 Dungeon Crawl Stone Soup version 0.20.0-10-g0535bb4 (webtiles) character file.

484 Naow the Shooter (level 6, -7/52 HPs)
             Began as a Centaur Arcane Marksman on June 7, 2017.
             Mangled by a gnoll
             ... wielding a +0 flail
              (10 damage)
             ... on level 4 of the Dungeon.
             The game lasted 00:08:55 (5992 turns).

Naow the Shooter (Centaur Arcane Marksman)          Turns: 5992, Time: 00:08:55

Health: -7/52      AC:  4    Str: 13    XL:     6   Next: 88%
Magic:  9/9        EV: 10    Int: 12    God:
Gold:   181        SH:  0    Dex: 11    Spells: 8/9 levels left

rFire    . . .     SeeInvis .   a - +0 shortbow
rCold    . . .     Gourm    .   (shield currently unavailable)
rNeg     . . .     Faith    .   e - +0 robe
rPois    .         Spirit   .   (no helmet)
rElec    .         Reflect  .   (no cloak)
rCorr    .         Harm     .   (no gloves)
MR       .....                  (no barding)
Stlth    ..........             (no amulet)
Regen    0.2/turn               g - ring of loudness (curse)
MPRegen  0.2/turn               (no ring)

@: very slow
A: hooves 3, deformed body, speed 2, tough skin 3
a: no special abilities


You were on level 4 of the Dungeon.
You were hungry.

You visited 1 branch of the dungeon, and saw 4 of its levels.

You collected 181 gold pieces.

Inventory:

Hand Weapons
 a - a +0 shortbow (weapon)
Armour
 e - a +0 robe (worn)
 p - a cursed +0 plate armour
 B - a +0 buckler of cold resistance
Jewellery
 g - a cursed ring of loudness (left hand)
 j - a cursed -3 ring of evasion {unknown}
 l - a +2 ring of dexterity {unknown}
 n - an uncursed ring of protection from fire {unknown}
 y - an uncursed ring of stealth {unknown}
 A - an uncursed ring of flight {unknown}
Scrolls
 b - a scroll of fear {unknown}
 i - 6 scrolls of identify {unknown}
 m - a scroll of teleportation {unknown}
 r - a scroll of fog {unknown}
 t - a scroll of recharging {unknown}
 v - a scroll of remove curse {unknown}
 x - a scroll of magic mapping {unknown}
Potions
 k - a potion of brilliance {unknown}
 o - a potion of agility {unknown}
 q - 2 potions of heal wounds {unknown}
 u - a potion of curing {unknown}
 w - a potion of magic {unknown}
Books
 c - a book of Debilitation

   Spells                             Type                      Level
   a - Corona                         Hexes                        1
   b - Slow                           Hexes                        2
   c - Inner Flame                    Hexes/Fire                   3
   d - Portal Projectile              Hexes/Translocation          3
   e - Cause Fear                     Hexes                        4
   f - Leda's Liquefaction            Hexes/Earth                  4
Comestibles
 f - 3 bread rations
 h - a meat ration
 s - 3 royal jellies


   Skills:
 * Level 4.0 Fighting
 * Level 5.7 Bows
 - Level 1.3 Dodging
 + Level 2.4 Spellcasting
 + Level 3.9 Hexes


You had 8 spell levels left.
You knew the following spells:

 Your Spells              Type           Power        Failure   Level  Hunger
a - Corona                Hex            ##.....      4%          1    ##.....


Dungeon Overview and Level Annotations

Branches:
Dungeon (4/15)
 Temple: D:4-7

Altars:
Sif Muna


Innate Abilities, Weirdness & Mutations

You have hooves in place of feet.
Armour fits poorly on your strangely shaped body.
You cover ground very quickly.
You have extremely tough skin. (AC +3)


Message History

Really attack while wielding your +0 shortbow?
Okay, then.
You enter the shallow water.
Moving in this stuff is going to be slow.
The jackal completely misses you. The jackal bites you.
The jackal bites you but does no damage.
The gnoll shaman hits you but does no damage.
The jackal bites you but does no damage.
The jackal bites you. The gnoll shaman barely misses you.
The jackal splashes around in the water.
The jackal barely misses you.
Unknown command.
The gnoll barely misses you. The gnoll shaman hits you with a club!
* * * LOW HITPOINT WARNING * * *
The gnoll hits you with a flail!
* * * LOW HITPOINT WARNING * * *
The gnoll shaman closely misses you. The jackal barely misses you.
The gnoll hits you with a flail!
You die...

##.####.......(((# #.#
#....#########(.## #.# #....###
#)### #.### #......# #...# #..#.
######O##### #(#.####.#.
####.....# #.#....#...
############...#....###.#.##....#
#................ggg.g...........
#P...≈≈≈≈≈≈≈≈≈≈≈@h≈h≈≈≈≈....≈≈≈≈≈
#....≈≈≈≈≈≈≈≈≈≈≈≈≈≈≈≈≈≈≈....≈≈≈≈≈
#....≈≈#####≈≈≈≈≈≈≈≈≈≈≈≈....(≈(≈≈
#....≈≈#.g.#.....................
#...P≈≈#...#############''''#####
#....≈≈###+# #....# #....≈≈≈.#
#....# #....≈≈≈.# .. #....≈≈≈.#


You could see an ogre, 2 gnoll shamans, 2 gnolls and 2 jackals.

Vanquished Creatures
  An ogre (D:4)
  The ghost of Dwachs the Magician, an amateur DECj (D:3)
  2 hounds (D:4)
  An orc wizard (D:3)
  A worker ant (D:4)
  6 gnolls (D:4)
  5 adders
  An ooze (D:4)
  6 worms
  2 dart slugs
  A leopard gecko (D:1)
  7 orcs
  A ball python (D:3)
  6 giant cockroaches
  3 goblins
  5 hobgoblins
  19 jackals
  8 kobolds
  4 quokkas
  6 bats
  4 frilled lizards
  7 rats
97 creatures vanquished.

Notes
Turn   | Place    | Note
-------+----------+-------------------------------------------
     0 | D:1      | Naow the Centaur Arcane Marksman began the quest for the Orb.
     0 | D:1      | Reached XP level 1. HP: 16/16 MP: 2/2
   383 | D:1      | Reached skill level 3 in Bows
   385 | D:1      | Reached XP level 2. HP: 23/23 MP: 3/3
  1467 | D:1      | Reached XP level 3. HP: 29/29 MP: 4/4
  2460 | D:3      | Reached XP level 4. HP: 36/37 MP: 6/6
  2491 | D:3      | Reached skill level 4 in Bows
  3081 | D:3      | Noticed Dwachs's ghost (amateur DECj)
  3106 | D:3      | Killed Dwachs's ghost
  3106 | D:3      | Reached XP level 5. HP: 20/45 MP: 7/7
  3527 | D:3      | Found a deep blue altar of Sif Muna.
  3891 | D:4      | Noticed an ogre
  4213 | D:4      | Reached skill level 5 in Bows
  4255 | D:4      | Killed an ogre
  4255 | D:4      | Reached XP level 6. HP: 24/52 MP: 7/9
  5992 | D:4      | Mangled by a gnoll

Skill      XL: |  1  2  3  4  5  6 |
---------------+-------------------+-----
Bows           | 3 4 5 |  5.7
Hexes          | 3 |  3.9
Fighting       | 2 3 4 |  4.0
Spellcasting   | 2 |  2.4
Dodging        | |  1.3

Action                   |  1- 3 |  4- 6 || total
-------------------------+-------+-------++-------
Melee: Shortbow          |    39 |       ||    39
       Unarmed           |    10 |       ||    10
       Kick              |     9 |       ||     9
 Fire: Shortbow          |   169 |   298 ||   467
 Cast: Corona            |     4 |     1 ||     5
  Eat: Chunk             |     3 |     9 ||    12
Armor: Robe              |    70 |    47 ||   117
Dodge: Dodged            |    71 |    95 ||   166
